 Dungeon Crawl Stone Soup version 0.31.0-12-g77e489cdc1 (webtiles) character file.

Game seed: 2644862336255761030

4 Doomgape the Trooper (level 1, -2/14 HPs)
             Began as a Gargoyle Fighter on Feb 25, 2024.
             Slain by a gnoll
             ... wielding a +0 spear
              (8 damage)
             ... on level 1 of the Dungeon.
             The game lasted 00:00:36 (475 turns).

Doomgape the Trooper (Gargoyle Fighter)              Turns: 475, Time: 00:00:37

Health: -2/14      AC:  9    Str: 19    XL:     1   Next: 70%
Magic:  1/1        EV:  9    Int:  8    God:
Gold:   18         SH:  4    Dex:  9    Spells: 0/0 levels left

rFire   . . .        f - +2 war axe (freeze)
rCold   . . .        c - +0 buckler
rNeg    + . .        b - +0 scale mail
rPois   ∞            (no helmet)
rElec   +            (no cloak)
rCorr   .            (no gloves)
SInv    .            (no boots)
Will    .....        (no amulet) Stlth
                     (no ring)
HPRegen 0.22/turn    (no ring)
MPRegen 0.07/turn

%: no passive effects
@: no status effects
A: sickness immunity, AC +2, negative energy resistance 1, electricity
resistance, torment resistance 1, petrification resistance
a: no special abilities


You were on level 1 of the Dungeon.
You visited 1 branch of the dungeon, and saw 1 of its levels.

You collected 18 gold pieces.

Inventory:

Hand Weapons
 a - a +0 flail
 f - a +2 war axe of freezing (weapon)
Armour
 b - a +0 scale mail (worn)
 c - a +0 buckler (worn)
Scrolls
 h - a scroll of noise {unknown}
 i - 2 scrolls of immolation {unknown}
Potions
 d - 2 potions of might
 e - a potion of heal wounds {unknown}
 g - a potion of ambrosia {unknown}
 j - a potion of berserk rage {unknown}


   Skills:
 + Level 3.4 Fighting
 + Level 0.2(1.1) Axes
 - Level 2.0(2.1) Maces & Flails
 + Level 3.4 Armour
 - Level 3.2 Shields


You couldn't memorise any spells.
You didn't know any spells.
Your spell library contained the following spells:

 Spells                   Type           Power      Damage    Failure   Level
 Ozocubu's Armour         Ice            0%         N/A       99%         3
 Metabolic Englaciation   Hex/Ice        0%         N/A       100%        5
 Sculpt Simulacrum        Ice/Alch       0%         N/A       100%        6


Dungeon Overview and Level Annotations

Branches:
Dungeon (1/15)

Altars:


Innate Abilities, Weirdness & Mutations

You are immune to sickness and miasma.
Your stone body is resilient. (AC +2)
You are immune to poison.
You resist negative energy. (rN+)
You are resistant to electric shocks. (rElec)
You are resistant to unholy torment.
You are immune to petrification.


Message History

No target in view!
Found a whip.
No target in view!
Unknown command.
No target in view!
i - 2 scrolls labelled HEDEWK ROEXUSAOMN (gained 1)
j - a cyan potion An endoplasm comes into view.
The endoplasm quivers.
The endoplasm freezes you.
You are frozen.
You barely miss the endoplasm. You block the endoplasm's attack.
An endoplasm is nearby!
You hit the endoplasm. You freeze the endoplasm.
You kill the endoplasm!
No target in view!
No target in view!
A gnoll and a kobold come into view.
The kobold is wielding a +1 whip of venom.
Found a stone staircase leading down.
The gnoll shouts!
The kobold shouts!
There are monsters nearby!
Found 10 gold pieces.
The gnoll hits you with a +0 spear.
You completely miss the gnoll. You closely miss the kobold.
The gnoll hits you with a +0 spear. The kobold hits you but does no damage.
You block the gnoll's attack. The kobold hits you but does no damage.
You are too injured to fight recklessly!
You are too injured to fight recklessly!
You are too injured to fight recklessly!
The gnoll closely misses you. The kobold hits you but does no damage.
The gnoll attacks as it pursues you! You block the gnoll's attack.
You closely miss the kobold. The kobold hits you but does no damage.
The gnoll closely misses you. The kobold closely misses you.
You barely miss the kobold.
The gnoll hits you from afar with a +0 spear.
The kobold hits you but does no damage. The gnoll hits you but does no damage.
You closely miss the kobold. The kobold misses you.
The gnoll hits you from afar with a +0 spear!
Ouch! That really hurt!
You die...

# #.# # #.# #.#
#.###.# #.....# ##
####.###......###.
#....# ........
#.##.# ......
#@##.# .#...#
#K##.#.#. ...#..
#g....... ...#..
#......#. .#...#
#.......... ....
#.......... ....
#.......... ....
#........>. ...#
##..#...... ...


You could see a gnoll and a kobold.

Vanquished Creatures
  An endoplasm (D:1)
  A kobold (D:1)
  2 ball pythons (D:1)
4 creatures vanquished.

Notes
Turn   | Place    | Note
-------+----------+-------------------------------------------
     0 | D:1      | Doomgape the Gargoyle Fighter began the quest for the Orb.
     0 | D:1      | Reached XP level 1. HP: 14/14 MP: 1/1
   475 | D:1      | Slain by a gnoll

Illustrated notes

Levels and vault maps discovered:
D:1:      lemuel_arrival_behind_the_door_small, layout_loops_ring,
          shapermc_ecumenical_altar_hornbeckon, minmay_misc_feat_more_columns

Action                     || total
---------------------------++-------
  Melee: War axe           ||    11
         Flail             ||     2
 Armour: Scale mail        ||    15
  Dodge: Dodged            ||     7
  Block: Buckler           ||     4
